 Dungeon Crawl Stone Soup version 0.30-a0-715-gdb4ae3ece1 (webtiles) character file.

Game seed: 2112620375999527155

17792 NinjaNoafa the Thaumaturge (level 12, -1/95 HPs)
             Began as a Djinni Conjurer on Jan 23, 2023.
             Was a Believer of Ashenzari.
             Slain by a hornet (10 damage)
             ... on level 1 of the Lair of Beasts on Jan 24, 2023.
             The game lasted 00:42:33 (12433 turns).

NinjaNoafa the Thaumaturge (Djinni Conjurer)       Turns: 12433, Time: 00:42:33

Health: -1/95      AC:  7    Str:  6    XL:     12   Next: 87%
Gold:   403        EV: 15    Int: 29    God:    Ashenzari [**....] SH:  0 Dex: 19

rFire   + + .      SeeInvis +    p - +8 hand axe "Dynuodach" {venom, Dex+5}
rCold   x . .      Faith    .    (no shield)
rNeg    . . .      Spirit   .    C - +0 troll leather armour
rPois   ∞          Reflect  .    (no helmet)
rElec   .          Harm     .    i - +0 cloak
rCorr   .          Rampage  .    D - +1 pair of gloves "Share My Shame" {infuse, Self, Fort} (curse)
Will    +....                    (boots unavailable)
Stlth   +++                      (no amulet)
HPRegen 1.15/turn                o - ring "Shattered Together" {Int+6, Range, Evo} (curse)
MPRegen 0.00/turn                q - ring of the Bound Omen {Wiz, Evo, Self} (curse)

@: flying
A: sickness immunity, fire resistance 2, cold vulnerability 1, float, innate
caster, HP casting, extra vitality 1
a: Renounce Religion, Shatter the Chains


You were on level 1 of the Lair of Beasts.
You worshipped Ashenzari.
Ashenzari was pleased with you.
You visited 3 branches of the dungeon, and saw 13 of its levels.
You also visited: Bailey.

You collected 923 gold pieces.
You spent 520 gold pieces at shops.

Inventory:

Hand Weapons
 l - a +5 short sword of venom
 p - the +8 hand axe "Dynuodach" (weapon) {venom, Dex+5}
   (You found it on level 4 of the Dungeon)

   Dex:       It affects your dexterity (+5).
Missiles
 r - 22 poisoned darts
 s - 6 javelins
 E - a boomerang of dispersal
 F - 2 boomerangs
Armour
 i - a +0 cloak (worn)
 C - a +0 troll leather armour (worn)
 D - the cursed +1 pair of gloves "Share My Shame" (worn) {infuse, Self, Fort}
   (You found it in a bailey)

   It has a curse which improves the following skills: Introspection: Fighting
   and Spellcasting.
   Fortitude: Armour and Shields.
Jewellery
 o - the cursed ring "Shattered Together" (left hand) {Int+6, Range, Evo}
   (You found it on level 3 of the Dungeon)

   [ring of intelligence]

   Int:       It affects your intelligence (+6).
   It has a curse which improves the following skills: Ranged Combat: Ranged
   Weapons and Throwing.
   Evocations: Evocations.
 q - the cursed ring of the Bound Omen (right hand) {Wiz, Evo, Self}
   (You found it on level 4 of the Dungeon)

   [ring of wizardry]

   It improves your spell success rate.
   It has a curse which improves the following skills: Evocations: Evocations.
   Introspection: Fighting and Spellcasting.
Wands
 w - a wand of polymorph (13)
 y - a wand of charming (15)
 z - a wand of digging (3)
Scrolls
 a - 2 scrolls of torment
 b - a scroll of immolation
 d - 4 scrolls of teleportation
 g - a scroll of magic mapping
 n - 2 scrolls of fog
 t - 3 scrolls of vulnerability
Potions
 c - a potion of attraction
 e - 6 potions of curing
 f - a potion of haste
 h - 2 potions of berserk rage
 k - 2 potions of mutation
 m - 2 potions of cancellation
 v - a potion of ambrosia
 A - 2 potions of lignification
 B - a potion of might
 H - a potion of resistance
Miscellaneous
 j - a box of beasts (inert)
 x - a lightning rod (4/4)
 G - a condenser vane


   Skills:
 - Level 10.1(12.0) Fighting
 - Level 3.9 Short Blades
 + Level 0.8 Axes
 - Level 7.0 Dodging
 - Level 6.9 Stealth
 - Level 10.3(12.1) Spellcasting
 - Level 6.6(8.5) Evocations


You had 7 spell levels left.
You knew the following spells:

 Your Spells              Type           Power      Damage    Failure   Level
a - Manifold Assault      Tloc           73%        N/A       1%          4
b - Searing Ray           Conj           100%       2d8       1%          2
c - Dazzling Flash        Conj/Hex       100%       N/A       1%          3
d - Fulminant Prism       Conj/Hex       36%        3d18      1%          4
e - Iskenderun's Mystic   Conj/Tloc      73%        2d15      1%          4
f - Necrotise             Necr           100%       1d9       1%          1
g - Sticky Flame          Conj/Fire      73%        2d9       1%          4
h - Vampiric Draining     Necr           73%        2d11      1%          3
i - Blink                 Tloc           100%       N/A       1%          2
j - Magic Dart            Conj           100%       1d8       1%          1
Your spell library was empty.

Dungeon Overview and Level Annotations

Branches:
Dungeon (11/15)            Temple (1/1) D:5            Lair (1/5) D:11
    Orc (0/2) D:11         Bailey (visited)

Altars:
Ashenzari
Cheibriados
Dithmenos
Elyvilon
Fedhas
Gozag
Hepliaklqana
Makhleb
Nemelex Xobeh
Okawaru
Qazlal
Ru
Trog
Uskayaw
Wu Jian
Xom
Yredelemnul
Zin
The Shining One

Shops:
D:4 :   D:7 :   D:8 =   D:9 *

Annotations:
D:7 3 runed translucent doors, Bitman's ghost, novice HOMo
D:11 2 runed translucent doors


Innate Abilities, Weirdness & Mutations

You are immune to sickness and miasma.
You are immune to poison.
Your flesh is very heat resistant. (rF++)
You are vulnerable to cold. (rC-)
You float through the air rather than walking.
You learn spells naturally, not from books.
Your magical power is your life essence.
You have superior vitality. (+4 MHP)


Message History

The wolf is knocked back by the mystic blast.
The mystic blast hits the cane toad but does no damage.
The cane toad is moderately wounded.
* * * LOW HITPOINT WARNING * * *
The cane toad burns!
The cane toad stings you!
* * * LOW HITPOINT WARNING * * *
The hornet stings you.
* * * LOW HITPOINT WARNING * * *
The cane toad stings you.
* * * LOW HITPOINT WARNING * * *
The wolf completely misses you.
You feel much better.
The cane toad burns!
The hornet stings you.
* * * LOW HITPOINT WARNING * * *
The wolf closely misses you. The cane toad barely misses you.
The elephant closely misses you. The elephant trunk-slaps you.
* * * LOW HITPOINT WARNING * * *
Casting: Iskenderun's Mystic Blast (safe; 1% risk of failure)
Confirm with . or Enter, or press ? or * to list all spells.
Aiming: Sticky Flame (safe; 1% risk of failure)
Press: ? - help, Shift-Dir - straight line, f - hornet, p - cane toad
Aim: a hornet (moderately wounded)
The sticky flame hits the hornet.
The hornet is moderately wounded.
The hornet is covered in liquid flames!
* * * LOW HITPOINT WARNING * * *
The hornet burns!
The cane toad burns!
The wolf misses you. The hornet completely misses you.
The cane toad stings you!!
* * * LOW HITPOINT WARNING * * *
The wolf barely misses you. The hornet stings you.
* * * LOW HITPOINT WARNING * * *
The elephant tramples you!
* * * LOW HITPOINT WARNING * * *
You hold your ground!
The elephant closely misses you.
Okay, then.
Okay, then.
Okay, then.
You feel better.
The hornet burns!
The cane toad burns!
The wolf bites you.
* * * LOW HITPOINT WARNING * * *
The hornet stings you!
You die...

#.....#
###...####.#*
*#....####....##
#.#
#..(..##...##.#
#.#
#...>.....#.###
*#..,
##.......#### #.
#.#.....## *
###.../...## *
*#.........F###
#......##.†y@Y.##
, * * ......#
##..†h..## *
.....#*
##......#* ,,
...## ##.......#
.. #.#........ ,
. ####.......
#...... ###... ,
##[ ,


You could see an elephant, a cane toad (burning), a hornet (burning) and a wolf.

Vanquished Creatures
  Erica (D:11)
  A two-headed ogre (D:11)
  An orc knight (Bailey)
  2 cyclopes (D:11)
  2 elephants (Lair:1)
  Joseph (D:7)
  2 cane toads (Lair:1)
  Maggie (D:7)
  An unseen horror (D:10)
  A hornet (D:11)
  6 trolls
  3 blink frogs (Lair:1)
  2 shadows
  A wyvern (D:8)
  22 yaks
  2 wraiths
  4 humans (D:6)
  3 steam dragons
  Menkaure (D:7)
  An acid dragon (D:11)
  4 water moccasins
  A sky beast (D:7)
  3 ice beasts
  10 orc warriors
  A black bear (D:11)
  7 wolves (Lair:1)
  3 ogres
  A phantom (D:6)
  8 bullfrogs
  A kobold brigand (D:8)
  3 scorpions
  18 wights
  4 killer bees (D:8)
  3 howler monkeys
  5 orc priests
  A jelly (D:7)
  3 hounds
  4 iguanas
  12 orc wizards
  4 gnolls (D:5)
  9 adders
  3 white imps (D:8)
  2 ufetubi (D:6)
  A worm (D:2)
  6 dart slugs
  49 orcs
  6 bats
  13 endoplasms
  4 giant cockroaches
  16 goblins
  5 hobgoblins
  5 jackals
  3 quokkas
  9 ball pythons
  4 frilled lizards
  10 kobolds
  3 rats
302 creatures vanquished.

Vanquished Creatures (collateral kills)
  A boulder beetle (D:11)
  A black bear (D:11)
  A goblin (D:4)
3 creatures vanquished.

Vanquished Creatures (others)
  A wizard (D:8)
  22 fulminant prisms
  37 fungi (D:11)
  45 plants (D:11)
105 creatures vanquished.

Grand Total: 410 creatures vanquished

Notes
Turn   | Place    | Note
-------+----------+-------------------------------------------
     0 | D:1      | NinjaNoafa the Djinni Conjurer began the quest for the Orb.
     0 | D:1      | NinjaNoafa set off with the following spells memorised:
                  | Magic Dart, Searing Ray, Dazzling Flash, Fulminant Prism,
                  | Iskenderun's Mystic Blast.
     0 | D:1      | Reached XP level 1. HP: 15/15 MP: 0/0
   104 | D:1      | Reached XP level 2. HP: 17/21 MP: 0/0
   384 | D:1      | Reached XP level 3. HP: 22/25 MP: 0/0
   384 | D:1      | Learned a level 1 spell: Necrotise
   837 | D:2      | Reached XP level 4. HP: 29/31 MP: 0/0
  1545 | D:3      | Reached XP level 5. HP: 30/35 MP: 0/0
  1545 | D:3      | Learned a level 2 spell: Blink
  2045 | D:3      | Reached skill level 5 in Spellcasting
  2299 | D:4      | Reached skill level 1 in Fighting
  2308 | D:4      | Reached XP level 6. HP: 17/43 MP: 0/0
  2407 | D:4      | Noticed an ogre
  2472 | D:4      | Found Fanijaun's Book Boutique.
  2522 | D:4      | Killed an ogre
  2767 | D:4      | Reached XP level 7. HP: 39/50 MP: 0/0
  2767 | D:4      | Learned a level 3 spell: Vampiric Draining
  2896 | D:4      | Identified the +8 hand axe "Dynuodach" {venom, Dex+5}
  3045 | D:4      | Found a hazy altar of Hepliaklqana.
  3427 | D:5      | Entered Level 5 of the Dungeon
  3735 | D:5      | Found a staircase to the Ecumenical Temple.
  3779 | Temple   | Entered the Ecumenical Temple
  3779 | Temple   | Found a transporter.
  3779 | Temple   | Found a transporter.
  3781 | Temple   | Found a transporter.
  3781 | Temple   | Found a transporter.
  3794 | Temple   | Became a worshipper of Ashenzari the Shackled
  3846 | D:5      | Noticed a steam dragon
  3859 | D:5      | Killed a steam dragon
  4069 | D:5      | Identified the +5 scale mail of Nihilism {Dex+2}
  4100 | D:5      | Reached XP level 8. HP: 41/56 MP: 0/0
  4650 | D:6      | Found a sacrificial altar of Ru.
  4660 | D:6      | Reached skill level 5 in Fighting
  4660 | D:6      | Reached skill level 5 in Dodging
  4660 | D:6      | Reached XP level 9. HP: 22/65 MP: 0/0
  4660 | D:6      | Learned a level 4 spell: Sticky Flame
  5501 | D:6      | Found a blossoming altar of Fedhas.
  6043 | D:6      | Reached * piety under Ashenzari
  6181 | D:7      | Found Cuirur's Vocational Training.
  6238 | D:7      | Noticed Menkaure
  6246 | D:7      | Killed Menkaure
  6429 | D:7      | Identified the +3 ring mail of Fortitude {Harm rElec rC-
                  | Regen+}
  6446 | D:7      | Noticed Maggie
  6448 | D:7      | Noticed a death knight
  6453 | D:7      | Killed Maggie
  6464 | D:7      | Noticed Bitman's ghost (novice HOMo)
  6544 | D:7      | Found a runed translucent gate.
  6544 | D:7      | Found a runed translucent gate.
  6552 | D:7      | Found a runed translucent gate.
  6564 | D:7      | Noticed Joseph
  6627 | D:7      | Killed Joseph
  6628 | D:7      | Reached XP level 10. HP: 26/75 MP: 0/0
  7001 | D:7      | Identified the +1 robe "Resafot" {Int+4 Dex+7}
  7008 | D:7      | Reached skill level 1 in Evocations
  7631 | D:8      | Found a bloodstained altar of Trog.
  7632 | D:8      | Noticed a wizard
  7637 | D:8      | Killed a wizard
  7970 | D:8      | Found Cacw's Jewellery Shoppe.
  8426 | D:8      | Reached ** piety under Ashenzari
  8973 | D:9      | Reached skill level 5 in Evocations
  9110 | D:9      | Found a white marble altar of Elyvilon.
  9166 | D:9      | Reached XP level 11. HP: 70/81 MP: 0/0
  9166 | D:9      | Learned a level 4 spell: Manifold Assault
  9171 | D:9      | Reached skill level 5 in Stealth
  9287 | D:9      | Found Geroat's Gadget Gallery.
  9311 | D:9      | Bought a box of beasts for 520 gold pieces
  9433 | D:9      | Found a burning altar of Makhleb.
  9463 | D:9      | Reached skill level 1 in Short Blades
  9499 | D:9      | Found an iron altar of Okawaru.
  9567 | D:10     | Entered Level 10 of the Dungeon
  9569 | D:10     | Found a flagged portal.
  9580 | Bailey   | Entered a bailey
  9766 | Bailey   | Noticed an orc knight
  9780 | Bailey   | Killed an orc knight
  9828 | Bailey   | Identified the +1 fire dragon scales of Koer Iriwy {+Blink
                  | rF++ rC- Str-2 Int+7 Dex+2}
 10314 | D:10     | Found an opulent altar of Gozag.
 10777 | D:11     | Noticed a two-headed ogre
 10783 | D:11     | Noticed a cyclops
 10784 | D:11     | Killed a two-headed ogre
 10787 | D:11     | Killed a cyclops
 10955 | D:11     | Found a staircase to the Orcish Mines.
 10986 | D:11     | Noticed an ice dragon
 10989 | D:11     | Found a runed translucent door.
 10989 | D:11     | Found a runed translucent door.
 10989 | D:11     | Noticed a fire dragon
 10989 | D:11     | Noticed an ice dragon
 10989 | D:11     | Found the +2 shield of Resistance {rF++ rC++ Will++}
 10991 | D:11     | Noticed a fire dragon
 11219 | D:11     | Noticed Erica
 11224 | D:11     | Noticed a cyclops
 11226 | D:11     | Noticed a boulder beetle
 11229 | D:11     | Found a staircase to the Lair.
 11233 | D:11     | Killed Erica
 11234 | D:11     | Reached XP level 12. HP: 32/88 MP: 0/0
 11370 | D:11     | Killed a boulder beetle
 11763 | D:11     | Reached skill level 10 in Spellcasting
 11949 | Lair:1   | Entered Level 1 of the Lair of Beasts
 12425 | Lair:1   | Reached skill level 10 in Fighting
 12432 | Lair:1   | HP: 1/95 [elephant (9)]
 12433 | Lair:1   | Slain by a hornet

Illustrated notes

Levels and vault maps discovered:
D:1:      lightli_molten_gateway, layout_rooms
D:2:      layout_loops_ring
D:3:      layout_loops_ring, minmay_liquid_box
D:4:      layout_rooms, worldfamousw_hep_ancestral_shrine,
          minmay_misc_feat_rugged, nicolae_inconvenience_store,
          minmay_surrounded
D:5:      layout_gridville, mainiacjoe_overflow_boulevard,
          minmay_temple_entry_stoned_glass, minmay_misc_feat_x
D:6:      layout_layer_cave, nicolae_overflow_crystal_walls,
          nicolae_ru_great_annihilating_truth, minivault_23, minmay_ruffians
D:7:      layout_loops_ring, gammafunk_ghost_split, nicolae_shop_vocational,
          uniq_joseph, uniq_maggie, uniq_menkaure
D:8:      layout_cave_pods, trog_wizard, serial_shops, nicolae_diamond_shop
D:9:      layout_irregular_city, okawaru_metal_pillars_1_2,
          mainiacjoe_overflow_concentric_impassable,
          mainiacjoe_overflow_alcove_2, nicolae_shop_gadgets
D:10:     layout_long_grid, kennysheep_mini_moat, enter_bailey_5
D:11:     layout_loops_ring, due_lair_maze_entry_diamond, orc_0_dummy,
          kennysheep_pointless_box, minmay_guarded_unrand_resistance, uniq_erica
Temple:   hellmonk_temple_divided_pantheon
Lair:1:   layout_hall_layers

Skill      XL: |  1  2  3  4  5  6  7  8  9 10 11 12 |
---------------+-------------------------------------+-----
Spellcasting   | 4 5 6 7 8 9 10 | 10.3
Fighting       | 1 3 5 7 8 10 | 10.1
Dodging        | 3 5 6 7 |  7.0
Stealth        | 4 6 |  6.9
Evocations     | 5 6 |  6.6
Short Blades   | 3 |  3.9
Axes           | |  0.8

Action                     |  1- 3 |  4- 6 |  7- 9 | 10-12 || total
---------------------------+-------+-------+-------+-------++-------
  Melee: Scimitar          |       |     2 |       |       ||     2
         Short sword       |       |     9 |    11 |    92 ||   112
         Hand axe          |       |       |       |    98 ||    98
         Punch             |       |       |       |     3 ||     3
   Cast: Magic Dart        |    77 |    76 |    36 |    56 ||   245
         Necrotise         |       |    17 |    14 |     3 ||    34
         Searing Ray       |       |     5 |     5 |     6 ||    16
         Dazzling Flash    |       |     2 |     3 |     3 ||     8
         Iskenderun's Myst |       |     2 |    24 |    84 ||   110
         Blink             |       |     1 |     8 |    14 ||    23
         Vampiric Draining |       |       |    19 |    22 ||    41
         Fulminant Prism   |       |       |    11 |    11 ||    22
         Sticky Flame      |       |       |    11 |    24 ||    35
         Manifold Assault  |       |       |       |    49 ||    49
 Invoke: Curse Item        |       |       |     2 |     2 ||     4
         Shatter the Chain |       |       |       |     1 ||     1
  Evoke: Wand              |       |       |       |     1 ||     1
         Box of beasts     |       |       |       |     1 ||     1
    Use: Scroll            |       |     1 |     3 |     4 ||     8
         Potion            |       |       |       |     4 ||     4
   Stab: Sleeping          |       |       |     1 |     1 ||     2
         Paralysed         |       |       |     1 |       ||     1
 Armour: Robe              |       |     6 |     5 |     8 ||    19
         Steam dragon scal |       |       |    13 |     4 ||    17
         Troll leather arm |       |       |       |    39 ||    39
  Dodge: Dodged            |     1 |    18 |    45 |   202 ||   266

Table legend: (Time is in decaauts)
 A = Elapsed time spent in this place.
 B = Non-inter-level travel time spent in this place.
 C = Inter-level travel time spent in this place.
 D = Time resting spent in this place.
 E = Time spent auto-exploring this place.
 F = Levels seen in this place.
 G = Mean time per level.
                   A        B        C        D        E       F      G
               +--------+--------+--------+--------+--------+-----+--------+
         Total |  12473 |  11725 |    748 |     17 |   9563 |  14 |  890.9 |
       Dungeon |  11683 |  10948 |    735 |     17 |   9116 |  11 | 1062.1 |
        Temple |     42 |     30 |     12 |      0 |      2 |   1 |   42.0 |
          Lair |    403 |    403 |      0 |      0 |    217 |   1 |  403.0 |
        Bailey |    343 |    343 |      0 |      0 |    228 |   1 |  343.0 |
               +--------+--------+--------+--------+--------+-----+--------+

Top non-repeatable levels by time:
     D:6: 1847 daAuts
     D:7: 1432 daAuts
    D:11: 1287 daAuts
     D:8: 1253 daAuts
     D:4: 1104 daAuts
     D:5: 978 daAuts
     D:9: 895 daAuts
     D:3: 885 daAuts
     D:2: 779 daAuts
     D:1: 662 daAuts
    D:10: 557 daAuts
  Lair:1: 403 daAuts
  Bailey: 343 daAuts
  Temple: 42 daAuts
